 Dungeon Crawl Stone Soup version 0.20.1-1-g8b1a95d (webtiles) character file.

9034 mmigdal the Carver (level 11, 0/83 (84) HPs)
             Began as a Demonspawn Fighter on Nov 2, 2017.
             Slain by an 11-headed hydra (13 damage)
             ... on level 2 of the Lair of Beasts.
             The game lasted 01:16:37 (13512 turns).

mmigdal the Carver (Demonspawn Fighter)            Turns: 13512, Time: 01:16:39

HP:   0/83 (84)     AC: 17    Str: 21    XL:     11   Next: 17%
MP:   12/12         EV:  7    Int:  9    God:
Gold: 461           SH: 13    Dex: 21    Spells: 5/11 levels left

rFire    + . .     SeeInvis +   z - +7 falchion "Earthworm" {speed, SInv}
rCold    . . .     Gourm    .   c - +2 shield
rNeg     . . .     Faith    .   w - +2 chain mail
rPois    +         Spirit   .   (no helmet)
rElec    .         Reflect  .   R - +1 cloak {rPois}
rCorr    .         Harm     +   N - +1 pair of gloves
MR       .....                  (boots unavailable)
Stlth    +.........             H - amulet of harm
Regen    0.0/turn               e - +3 ring of dexterity
MPRegen  0.2/turn               J - ring of see invisible

@: no status effects
A: talons 3, thin skeletal structure 2, camouflage 1, blurry vision 1, demonic
guardian 1, fire resistance 1, inhibited regeneration, spiny 1, strong 1
a: no special abilities


You were on level 2 of the Lair of Beasts.
You were not hungry.

You visited 3 branches of the dungeon, and saw 11 of its levels.

You collected 461 gold pieces.

Inventory:

Hand Weapons
 s - a +0 hunting sling
 z - the +7 falchion "Earthworm" (weapon) {speed, SInv}
   (You found it on level 4 of the Dungeon)

   Attacks with this weapon are significantly faster.
   It lets you see invisible.
Missiles
 j - 52 sling bullets
 F - 12 tomahawks (quivered)
Armour
 c - a +2 shield (worn)
 r - the +3 leather armour "Forget-Me-Not" {rN++ Int+5 Dex-2}
   (You found it on level 7 of the Dungeon)

   It affects your intelligence (+5).
   It affects your dexterity (-2).
   It greatly protects you from negative energy.
 w - a +2 chain mail (worn)
 N - a +1 pair of gloves (worn)
 R - a +1 cloak of poison resistance (worn)
Jewellery
 e - a +3 ring of dexterity (left hand)
 H - an amulet of harm (around neck)
 I - the amulet "Fiusm" {+Rage +Fly rF- Dex+3}
   (You took it off an orc warrior on level 7 of the Dungeon)

   [amulet of rage]

   It affects your dexterity (+3).
   It makes you vulnerable to fire.
   It lets you fly.
   It lets you go berserk.
 J - a ring of see invisible (right hand)
Wands
 a - a wand of scattershot (0/9)
 n - a wand of iceblast (5/15)
 C - a wand of acid (3/15)
 D - a wand of flame (15/48)
 E - a wand of clouds (0/9)
Scrolls
 h - 2 scrolls of random uselessness
 i - 3 scrolls of teleportation
 k - 5 scrolls of remove curse
 l - a scroll of magic mapping
 q - a scroll of noise {unknown}
 t - a scroll of amnesia {unknown}
 v - a scroll of blinking
 B - a scroll of fear
 Q - a scroll of acquirement
Potions
 d - 4 potions of might
 g - 2 potions of degeneration
 o - 3 potions of curing
 p - 3 potions of agility
 u - a potion of heal wounds
 A - a potion of brilliance
 K - 3 potions of lignification
 P - a potion of ambrosia {unknown}
Books
 b - a book of Cantrips

   Spells                             Type                      Level
   a - Confusing Touch                Hexes                        1
   b - Animate Skeleton               Necromancy                   1
   c - Summon Small Mammal            Summoning                    1
   d - Apportation                    Translocation                1
 y - a book of Battle

   Spells                             Type                      Level
   a - Infusion                       Charms                       1
   b - Shroud of Golubria             Charms/Translocation         2
   c - Song of Slaying                Charms                       2
   d - Spectral Weapon                Hexes/Charms                 3
   e - Regeneration                   Charms/Necromancy            3
 G - a book of Necromancy

   Spells                             Type                      Level
   a - Pain                           Necromancy                   1
   b - Animate Skeleton               Necromancy                   1
   c - Vampiric Draining              Necromancy                   3
   d - Regeneration                   Charms/Necromancy            3
   e - Animate Dead                   Necromancy                   4
   f - Control Undead                 Necromancy                   4
 M - a book of Conjurations

   Spells                             Type                      Level
   a - Magic Dart                     Conjuration                  1
   b - Searing Ray                    Conjuration                  2
   c - Dazzling Spray                 Conjuration/Hexes            3
   d - Fulminant Prism                Conjuration/Hexes            4
   e - Force Lance                    Conjuration/Translocation    4
   f - Iskenderun's Mystic Blast      Conjuration                  4
 O - a book of Air

   Spells                             Type                      Level
   a - Shock                          Conjuration/Air              1
   b - Swiftness                      Charms/Air                   2
   c - Static Discharge               Conjuration/Air              3
   d - Airstrike                      Air                          4
   e - Lightning Bolt                 Conjuration/Air              5
Miscellaneous
 L - a lightning rod (inert)
Comestibles
 f - 5 bread rations
 m - 5 meat rations
 x - 17 fruits


   Skills:
 + Level 7.0 Fighting
 + Level 9.1 Long Blades
 + Level 7.6 Slings
 + Level 1.0(4.8) Throwing
 + Level 6.8 Armour
 + Level 2.0 Dodging
 + Level 2.0 Stealth
 + Level 6.1 Shields
 + Level 0.5 Spellcasting
 + Level 0.3 Charms
 + Level 0.4 Necromancy
 + Level 2.0 Evocations


You had 5 spell levels left.
You knew the following spells:

 Your Spells              Type           Power        Failure   Level  Hunger
a - Regeneration          Chrm/Necr      #.........   100%        3    ####...
b - Magic Dart            Conj           #...         100%        1    ##.....
c - Song of Slaying       Chrm           #.......     100%        2    ###....


Dungeon Overview and Level Annotations

Branches:
Dungeon (8/15)             Temple (1/1) D:6            Lair (2/6) D:8
  Swamp: Lair:2-4    Shoals: Lair:2-4     Snake: Lair:2-4    Spider: Lair:2-4

Altars:
Cheibriados
Dithmenos
Fedhas
Gozag
Kikubaaqudgha
Nemelex Xobeh
Okawaru
Qazlal
Ru
Sif Muna
Trog
Uskayaw
Vehumet
Xom
Yredelemnul
Zin


Innate Abilities, Weirdness & Mutations

You have claws for feet.
You have a moderately thin skeletal structure. (Dex +4, Stealth+)
A weak demonic guardian rushes to your aid.
You are partially covered in sharp spines.
Your skin changes colour to match your surroundings (Stealth+).
Scrolls take you a little longer to read.
Your flesh is heat resistant. (rF+)
You do not regenerate when monsters are visible.
Your muscles are strong. (Str +2)


Message History

The ten-headed hydra bites you.
The ten-headed hydra bites you but does no damage.
The ten-headed hydra bites you! The ten-headed hydra bites you.
You slice one of the ten-headed hydra's heads off!
The nine-headed hydra grows two more!
You slash the 11-headed hydra! You claw the 11-headed hydra.
The 11-headed hydra is severely wounded.
The 11-headed hydra is struck by your spines.
The 11-headed hydra barely misses you.
You riposte.
You completely miss the 11-headed hydra.
You claw the 11-headed hydra.
The 11-headed hydra is severely wounded.
The 11-headed hydra bites you!
* * * LOW HITPOINT WARNING * * *
The 11-headed hydra bites you.
* * * LOW HITPOINT WARNING * * *
You block the 11-headed hydra's attack. x2
The 11-headed hydra bites you but does no damage.
The 11-headed hydra bites you!
You die...

##.###..## ##.##
##....#...# #...#
##........## ##..#
.####..###....# ###.##
......<# ....####...#
##.###.##......#.....#
# #.........##.P##P#
##.####..##..##### ###
.###@P# #PD## ##.# #
#.# .#. #.## !.#. #..#
.(... ##.##
......##..#
..........#


You could see a 11-headed hydra.

Vanquished Creatures
  A hydra (Lair:1)
  A two-headed ogre (D:8)
  Pikel (D:7)
  A cyclops (D:6)
  2 spiny frogs
  5 hippogriffs
  5 yaks (D:8)
  2 basilisks (D:8)
  A hungry ghost (D:8)
  A soldier ant (D:7)
  A water moccasin (D:7)
  4 porcupines
  4 orc warriors
  2 sky beasts (D:5)
  2 slaves (D:7)
  An ice beast (D:5)
  A phantom (D:4)
  An ogre (D:4)
  A necrophage (D:7)
  5 centaurs
  2 big kobolds (D:7)
  7 bullfrogs
  A wyvern skeleton (D:8)
  A water moccasin skeleton (D:8)
  A scorpion (D:8)
  A wight (D:7)
  5 howler monkeys
  A crimson imp (D:7)
  2 bullfrog zombies (D:5)
  4 hounds
  3 orc wizards
  2 gnoll shamans
  4 orc priests
  Jessica (D:3)
  A bullfrog skeleton (D:5)
  Terence (D:3)
  5 iguanas
  8 worker ants
  A hound skeleton (D:5)
  3 worker ant zombies
  16 gnolls
  16 adders
  3 adder skeletons
  4 dart slugs
  A worm (D:3)
  9 leopard geckos
  20 orcs
  7 ball pythons
  11 giant cockroaches
  3 goblins
  10 hobgoblins
  20 jackals
  13 kobolds
  6 quokkas
  4 bats
  6 frilled lizards
  11 rats
  A fungus (D:1)
  4 plants (D:8)
261 creatures vanquished.

Vanquished Creatures (collateral kills)
  Grinder (D:3)
  A yak (D:8)
  A soldier ant (D:6)
  A slave (D:7)
  A bullfrog (D:6)
  A scorpion (D:7)
  A hound (D:8)
  A gnoll (D:2)
  A ball python (D:3)
9 creatures vanquished.

Vanquished Creatures (others)
  A jackal skeleton (D:7)
  4 plants
5 creatures vanquished.

Grand Total: 275 creatures vanquished

Notes
Turn   | Place    | Note
-------+----------+-------------------------------------------
     0 | D:1      | mmigdal the Demonspawn Fighter began the quest for the Orb.
     0 | D:1      | Reached XP level 1. HP: 18/18 MP: 1/1
   398 | D:1      | Gained mutation: A weak demonic guardian rushes to your aid. [demonic ancestry]
   398 | D:1      | Reached XP level 2. HP: 18/24 MP: 2/2
   509 | D:1      | Reached skill level 2 in Long Blades
   715 | D:1      | Reached XP level 3. HP: 26/29 MP: 3/3
  1546 | D:2      | Gained mutation: You have sharp toenails. [demonic ancestry]
  1546 | D:2      | Reached XP level 4. HP: 22/35 MP: 4/4
  1750 | D:2      | Found a sacrificial altar of Ru.
  1858 | D:2      | Reached skill level 3 in Long Blades
  1874 | D:2      | Reached skill level 1 in Dodging
  2423 | D:2      | Gained mutation: You have razor-sharp toenails. [potion of mutation]
  2423 | D:2      | Gained mutation: Your flesh is cold resistant. (rC+) [potion of mutation]
  2584 | D:2      | Found a snail-covered altar of Cheibriados.
  2961 | D:3      | Gained mutation: You have a somewhat thin skeletal structure. (Dex +2, Stealth) [demonic ancestry]
  2961 | D:3      | Reached XP level 5. HP: 34/41 MP: 5/5
  3142 | D:3      | Noticed Jessica
  3150 | D:3      | Killed Jessica
  3275 | D:3      | Lost mutation: You have razor-sharp toenails. [potion of mutation]
  3275 | D:3      | Lost mutation: Your flesh is cold resistant. (rC+) [potion of mutation]
  3275 | D:3      | Gained mutation: You do not regenerate when monsters are visible. [potion of mutation]
  3275 | D:3      | Gained mutation: Your skin changes colour to match your surroundings (Stealth+). [potion of mutation]
  3275 | D:3      | Gained mutation: Your system is resistant to poisons. (rPois) [potion of mutation]
  3472 | D:3      | Noticed Grinder
  3478 | D:3      | Paralysed by Grinder for 3 turns
  3495 | D:3      | Killed Grinder
  3495 | D:3      | Reached skill level 4 in Long Blades
  3495 | D:3      | Reached skill level 1 in Slings
  3495 | D:3      | Gained mutation: You have razor-sharp toenails. [demonic ancestry]
  3495 | D:3      | Reached XP level 6. HP: 8/47 MP: 6/6
  3759 | D:3      | Found an opulent altar of Gozag.
  4176 | D:3      | Noticed Terence
  4185 | D:3      | Killed Terence
  4647 | D:4      | Reached XP level 7. HP: 52/53 MP: 7/7
  4872 | D:4      | You fall through a shaft for 3 floors!
  5241 | D:7      | Noticed Pikel
  5313 | D:7      | Reached skill level 5 in Long Blades
  5624 | D:6      | Found a radiant altar of Vehumet.
  5711 | D:6      | Found a stormy altar of Qazlal.
  5805 | D:5      | Entered Level 5 of the Dungeon
  5815 | D:5      | Gained mutation: You have claws for feet. [demonic ancestry]
  5815 | D:5      | Reached XP level 8. HP: 51/60 MP: 8/8
  6312 | D:5      | Reached skill level 1 in Evocations
  6593 | D:4      | Learned a level 3 spell: Regeneration
  7038 | D:4      | Got an ichor-stained falchion
  7039 | D:4      | Identified the +7 falchion "Earthworm" {speed, SInv} (You found it on level 4 of the Dungeon)
  7462 | D:5      | Reached skill level 5 in Fighting
  7462 | D:5      | Reached skill level 6 in Long Blades
  7462 | D:5      | Reached skill level 1 in Stealth
  7805 | D:6      | Learned a level 1 spell: Magic Dart
  7916 | D:6      | Learned a level 2 spell: Song of Slaying
  8006 | D:6      | Found a staircase to the Ecumenical Temple.
  8013 | Temple   | Entered the Ecumenical Temple
  8360 | D:6      | Noticed a cyclops
  8378 | D:6      | Killed a cyclops
  8378 | D:6      | Reached skill level 5 in Slings
  8378 | D:6      | Reached skill level 5 in Armour
  8378 | D:6      | Gained mutation: You have a moderately thin skeletal structure. (Dex +4, Stealth+) [demonic ancestry]
  8378 | D:6      | Reached XP level 9. HP: 53/67 MP: 9/9
  9910 | D:7      | Got an encrusted leather armour
  9921 | D:7      | Identified the +3 leather armour "Forget-Me-Not" {rN++ Int+5 Dex-2} (You found it on level 7 of the Dungeon)
 10029 | D:7      | Got a flickering sapphire amulet
 10093 | D:6      | Reached skill level 7 in Long Blades
 10093 | D:6      | Reached skill level 5 in Shields
 10773 | D:7      | Killed Pikel
 11038 | D:7      | Reached XP level 10. HP: 60/75 MP: 10/10
 11390 | D:8      | Reached skill level 8 in Long Blades
 11447 | D:8      | Found a staircase to the Lair.
 11469 | D:8      | Paralysed by fainting for 12 turns
 11496 | D:8      | Paralysed by fainting for 5 turns
 11597 | D:8      | Lost mutation: Your system is resistant to poisons. (rPois) [potion of mutation]
 11597 | D:8      | Gained mutation: Scrolls take you a little longer to read. [potion of mutation]
 11597 | D:8      | Gained mutation: Your muscles are strong. (Str +2) [potion of mutation]
 11597 | D:8      | Gained mutation: Your flesh is heat resistant. (rF+) [potion of mutation]
 11686 | D:8      | Noticed a two-headed ogre
 11698 | D:8      | Killed a two-headed ogre
 12164 | D:8      | Identified the amulet "Fiusm" {+Rage +Fly rF- Dex+3} (You took it off an orc warrior on level 7 of the Dungeon)
 12345 | Lair:1   | Entered Level 1 of the Lair of Beasts
 12451 | Lair:1   | Noticed a seven-headed hydra
 12453 | Lair:1   | Killed a seven-headed hydra
 12453 | Lair:1   | Gained mutation: You are partially covered in sharp spines. [demonic ancestry]
 12453 | Lair:1   | Reached XP level 11. HP: 77/82 MP: 12/12
 12521 | Lair:1   | Identified 2 scrolls of acquirement
 12748 | Lair:1   | Noticed a six-headed hydra
 12759 | Lair:1   | Reached skill level 1 in Throwing
 13130 | Lair:2   | Reached skill level 9 in Long Blades
 13492 | Lair:2   | Noticed an eight-headed hydra
 13512 | Lair:2   | Slain by an 11-headed hydra

Skill      XL: |  1  2  3  4  5  6  7  8  9 10 11 |
---------------+----------------------------------+-----
Long Blades    | 2 3 4 5 6 7 8 9 |  9.1
Shields        | 3 4 5 6 |  6.1
Armour         | 3 4 5 6 |  6.8
Dodging        | 1 2 |  2.0
Slings         | 1 2 4 5 6 7 |  7.6
Fighting       | 4 5 6 7 |  7.0
Evocations     | 1 2 |  2.0
Stealth        | 1 2 |  2.0
Throwing       | 1 |  1.0
Spellcasting   | |  0.5
Charms         | |  0.3
Necromancy     | |  0.4

Action                   |  1- 3 |  4- 6 |  7- 9 | 10-12 || total
-------------------------+-------+-------+-------+-------++-------
Melee: Long sword        |   169 |   115 |   153 |       ||   437
       Kick              |       |    37 |   127 |    66 ||   230
       Falchion          |       |       |   174 |   114 ||   288
 Fire: Hunting sling     |       |    75 |   122 |    49 ||   246
Throw: Stone             |    15 |    28 |       |       ||    43
       Tomahawk          |       |       |       |     7 ||     7
Evoke: Wand              |       |       |    12 |     7 ||    19
       Lightning rod     |       |       |       |     4 ||     4
       Phantom mirror    |       |       |       |     2 ||     2
  Use: Scroll            |       |     8 |     9 |     5 ||    22
       Potion            |       |     2 |     2 |     1 ||     5
 Stab: Distracted        |       |       |     1 |     1 ||     2
       Confused          |       |       |       |     1 ||     1
  Eat: Meat ration       |     1 |       |     1 |     1 ||     3
       Chunk             |       |     4 |     8 |     7 ||    19
       Bread ration      |       |     1 |       |       ||     1
       Royal jelly       |       |       |     2 |       ||     2
       Fruit             |       |       |     3 |       ||     3
Armor: Scale mail        |    82 |    15 |       |       ||    97
       Chain mail        |       |    23 |   107 |    52 ||   182
Dodge: Dodged            |    56 |    25 |    45 |    17 ||   143
Block: Shield            |    91 |    60 |   164 |    51 ||   366
       Rpst.: Long sword |    20 |     5 |     6 |       ||    31
       Falchion          |       |       |     6 |     3 ||     9
